 Dungeon Crawl Stone Soup version 0.21-a0-552-g593960d (webtiles) character file.

519 tidbits the Insei (level 7, -1/52 HPs)
             Began as a Gnoll Transmuter on Dec 17, 2017.
             Killed by divine providence
             ... invoked by an orc priest
              (10 damage)
             ... on level 6 of the Dungeon.
             The game lasted 00:11:02 (1297 turns).

tidbits the Insei (Gnoll Transmuter)                Turns: 1297, Time: 00:11:03

Health: -1/52      AC:  2    Str:  9    XL:     7   Next: 21%
Magic:  9/15       EV: 24    Int: 18    God:
Gold:   209        SH:  0    Dex: 20    Spells: 11/17 levels left

rFire    . . .     SeeInvis .     - Unarmed
rCold    . . .     Gourm    .   (shield currently unavailable)
rNeg     . . .     Faith    .   (armour currently unavailable)
rPois    x         Spirit   .   (helmet currently unavailable)
rElec    .         Reflect  .   (cloak currently unavailable)
rCorr    .         Harm     .   (gloves currently unavailable)
MR       +....                  (boots currently unavailable)
Stlth    ++........             (no amulet)
HPRegen  0.17/turn              z - -3 ring of strength (curse)
MPRegen  0.14/turn              n - ring of protection from magic

@: about to teleport, spider-form, hasted, very quick
A: tiny, distributed training, strong nose
a: End Transformation


You were on level 6 of the Dungeon.
You were not hungry.
You were a venomous arachnid creature.
You visited 1 branch of the dungeon, and saw 7 of its levels.

You collected 209 gold pieces.

Inventory:

Hand Weapons
 i - a +0 short sword
 k - a +0 dagger
 m - a cursed -1 war axe (melded)
 p - a +1 broad axe
 t - a +0 flail of protection
   (You found it on level 2 of the Dungeon)
 w - a +2 hunting sling of flaming
   (You found it on level 6 of the Dungeon)
 y - a +3 shortbow of flaming
   (You took it off a centaur on level 5 of the Dungeon)
Missiles
 a - 89 arrows
 e - 2 tomahawks
 g - 6 needles of paralysis
 l - 64 stones (quivered)
 s - 6 javelins
 A - a throwing net {!f}
Armour
 b - a +0 robe (melded)
 o - a +0 shield
 u - a +1 cloak
 C - a +2 cloak (melded)
Jewellery
 n - a ring of protection from magic (right front leg)
   (You took it off a goblin on level 2 of the Dungeon)
 r - an uncursed ring of stealth
   (You found it on level 2 of the Dungeon)
 z - a cursed -3 ring of strength (left front leg)
   (You found it on level 5 of the Dungeon)
 X - a +3 ring of dexterity
   (You found it on level 1 of the Dungeon)
Scrolls
 q - 2 scrolls of teleportation
Potions
 f - a potion of haste
 h - 3 potions of curing
 j - a potion of resistance
 x - a potion of berserk rage
Books
 c - a book of Changes

   Spells                             Type                      Level
   a - Beastly Appendage              Transmutation                1
   b - Sticks to Snakes               Transmutation                2
   c - Spider Form                    Transmutation/Poison         3
   d - Ice Form                       Ice/Transmutation            4
   e - Blade Hands                    Transmutation                5
Comestibles
 d - 2 bread rations
 v - a royal jelly


   Skills:
 + Level 3.5 Fighting
 + Level 2.3 Short Blades
 + Level 2.3 Long Blades
 + Level 2.3 Axes
 + Level 2.3 Maces & Flails
 + Level 2.3 Polearms
 + Level 2.3 Staves
 + Level 2.3 Slings
 + Level 2.3 Bows
 + Level 2.3 Crossbows
 + Level 2.3 Throwing
 + Level 2.3 Armour
 + Level 5.1 Dodging
 + Level 2.3 Stealth
 + Level 2.3 Shields
 + Level 7.0 Unarmed Combat
 + Level 5.5 Spellcasting
 + Level 1.8 Conjurations
 + Level 1.8 Hexes
 + Level 1.8 Charms
 + Level 1.8 Summonings
 + Level 1.8 Necromancy
 + Level 1.8 Translocations
 + Level 4.2 Transmutations
 + Level 1.8 Fire Magic
 + Level 1.8 Ice Magic
 + Level 1.8 Air Magic
 + Level 1.8 Earth Magic
 + Level 1.8 Poison Magic
 + Level 2.5 Invocations
 + Level 2.3 Evocations


You had 11 spell levels left.
You knew the following spells:

 Your Spells              Type           Power        Failure   Level  Hunger
e - Beastly Appendage     Tmut           ###...       9%          1    None
k - Sticks to Snakes      Tmut           ###.....     11%         2    #......
p - Spider Form           Tmut/Pois      ###.......   26%         3    ##.....


Dungeon Overview and Level Annotations

Branches:
Dungeon (7/15)
 Temple: D:4-7

Altars:
Ashenzari


Innate Abilities, Weirdness & Mutations

Your experience applies equally to all skills.
((You have very sharp teeth.))
Your uncanny sense of smell can sniff out nearby items.


Message History

Your transformation has ended.
Your cursed -1 war axe unmelds from your body.
Your +2 cloak unmelds from your body.
Your +0 robe unmelds from your body.
Found a throwing net.
Found 14 arrows.
You see here a throwing net {!f}.
A - a throwing net {!f} Your adder withers and dies!
You see here 14 arrows.
a - 92 arrows (gained 14)
There is a stone staircase leading down here.
You climb downwards.
There is a stone staircase leading up here.
Things that are here:
11 gold pieces; a scroll labeled HOSARI JAUFE
B - a scroll labeled HOSARI JAUFE You now have 209 gold pieces (gained 11).
An orc and an orc priest come into view.
The orc shouts!
You hear a shout!
The orc moves out of view.
An orc wizard comes into view. It is wielding a dagger.
An orc warrior comes into view. It is wielding an enchanted long sword.
There is a shattered altar of Ashenzari here.
As you read the scroll labeled HOSARI JAUFE, it crumbles to dust.
It is a scroll of enchant armour.
Your +0 cloak glows green for a moment.
The orc wizard mumbles some strange words.
The orc wizard seems to speed up.
Unknown command.
Press < or > to pray at altars.
The orc warrior shouts!
You hear a shout!
Casting: Sticks to Snakes
Confirm with . or Enter, or press ? or * to list all spells.
You create a snake!
You now have 91 arrows.
The orc wizard hits your ball python but does no damage.
Casting: Sticks to Snakes
Confirm with . or Enter, or press ? or * to list all spells.
You create 2 snakes!
You now have 89 arrows.
The orc wizard gestures at you while chanting.
The magic dart hits your ball python.
Your ball python dies!
The orc priest calls down the wrath of Beogh upon the orc warrior.
Beogh smites you! The orc warrior misses your adder.
Casting: Sticks to Snakes
Confirm with . or Enter, or press ? or * to list all spells.
You turn into a venomous arachnid creature.
Your cursed -1 war axe melds into your body.
Your +2 cloak melds into your body.
Your +0 robe melds into your body.
The orc misses you.
The orc priest casts a cantrip, but nothing happens.
The orc wizard hits your ball python with a dagger.
Your ball python dies!
The orc warrior hits your adder with an enchanted long sword!
Your adder bites the orc warrior but does no damage.
You hit the orc.
The orc is poisoned.
The orc is lightly wounded.
The orc misses you.
Your adder barely misses the orc warrior.
The orc warrior closely misses your adder.
You hit the orc.
The orc looks as sick as possible!
The orc is heavily wounded.
The orc wizard hits you but does no damage.
Your adder bites the orc warrior but does no damage.
The orc hits you with a dagger. The orc wizard casts a spell at you.
The magic dart hits you!
* * * LOW HITPOINT WARNING * * *
You barely miss the orc.
The orc is almost dead.
You kill the orc!
Your adder bites the orc warrior but does no damage.
The orc warrior barely misses your adder.
The orc wizard hits you with a dagger.
* * * LOW HITPOINT WARNING * * *
You bite the orc wizard!
The orc wizard is poisoned.
The orc wizard is severely wounded.
Your adder bites the orc warrior but does no damage.
The orc wizard hits you with a dagger.
* * * LOW HITPOINT WARNING * * *
The orc warrior closely misses your adder.
You hit the orc wizard.
You kill the orc wizard!
Your Unarmed Combat skill increases to level 7!
Your adder bites the orc warrior but does no damage.
The orc warrior hits your adder with an enchanted long sword!
Your adder dies!
Unknown command.
Unknown command.
Okay, then.
It was a potion of haste.
You feel yourself speed up.
The orc priest calls down the wrath of Beogh upon the orc warrior.
Beogh smites you!
* * * LOW HITPOINT WARNING * * *
As you read the scroll of teleportation, it crumbles to dust.
You feel strangely unstable.
There is a shattered altar of Ashenzari here.
You see here a dagger.
The orc priest calls down the wrath of Beogh upon you.
Beogh smites you!
You die...

#############
###########...........#
#................# #..#
#..###)..s.###...###..####
#..#####o#####.<....†.....
#..###.....###.<####..####
#....o..............>.# ##
#.###.......###..(....# #.
# ##..###.# ######### #.
#.. #.# ##. #.. .# #.# ∆
#.. ##.


You could see an orc warrior and an orc priest.

Vanquished Creatures
  An ogre (D:4)
  A centaur (D:5)
  A bullfrog (D:6)
  A scorpion (D:4)
  A wight (D:7)
  A hound (D:6)
  An orc priest (D:6)
  An orc wizard (D:6)
  6 adders
  A worm (D:2)
  4 dart slugs
  3 leopard geckos (D:2)
  9 orcs (D:6)
  9 bats
  6 giant cockroaches
  3 goblins
  4 hobgoblins
  2 jackals (D:6)
  A ball python (D:5)
  4 frilled lizards
  6 kobolds
  5 rats
71 creatures vanquished.

Vanquished Creatures (collateral kills)
  A goblin (D:1)
  A kobold (D:2)
2 creatures vanquished.

Grand Total: 73 creatures vanquished

Notes
Turn   | Place    | Note
-------+----------+-------------------------------------------
     0 | D:1      | tidbits the Gnoll Transmuter began the quest for the Orb.
     0 | D:1      | Reached XP level 1. HP: 17/17 MP: 6/6
    63 | D:1      | Reached XP level 2. HP: 10/23 MP: 5/7
    67 | D:1      | Learned a level 2 spell: Sticks to Snakes
   222 | D:1      | Reached XP level 3. HP: 10/28 MP: 9/9
   227 | D:1      | Learned a level 3 spell: Spider Form
   264 | D:2      | Reached skill level 5 in Spellcasting
   362 | D:2      | Reached skill level 1 in Invocations
   413 | D:2      | Reached skill level 1 in Short Blades
   413 | D:2      | Reached skill level 1 in Long Blades
   413 | D:2      | Reached skill level 1 in Axes
   413 | D:2      | Reached skill level 1 in Maces & Flails
   413 | D:2      | Reached skill level 1 in Polearms
   413 | D:2      | Reached skill level 1 in Staves
   413 | D:2      | Reached skill level 1 in Slings
   413 | D:2      | Reached skill level 1 in Bows
   413 | D:2      | Reached skill level 1 in Crossbows
   413 | D:2      | Reached skill level 1 in Throwing
   413 | D:2      | Reached skill level 1 in Armour
   413 | D:2      | Reached skill level 1 in Stealth
   413 | D:2      | Reached skill level 1 in Shields
   413 | D:2      | Reached skill level 1 in Evocations
   415 | D:2      | Reached XP level 4. HP: 32/34 MP: 3/11
   637 | D:2      | Reached skill level 1 in Conjurations
   637 | D:2      | Reached skill level 1 in Hexes
   637 | D:2      | Reached skill level 1 in Charms
   637 | D:2      | Reached skill level 1 in Summonings
   637 | D:2      | Reached skill level 1 in Necromancy
   637 | D:2      | Reached skill level 1 in Translocations
   637 | D:2      | Reached skill level 1 in Fire Magic
   637 | D:2      | Reached skill level 1 in Ice Magic
   637 | D:2      | Reached skill level 1 in Air Magic
   637 | D:2      | Reached skill level 1 in Earth Magic
   637 | D:2      | Reached skill level 1 in Poison Magic
   724 | D:5      | Entered Level 5 of the Dungeon
   735 | D:4      | Reached XP level 5. HP: 37/40 MP: 7/12
   895 | D:4      | Noticed an ogre
   903 | D:4      | Killed an ogre
   903 | D:4      | Reached skill level 3 in Fighting
   903 | D:4      | Reached skill level 4 in Transmutations
   921 | D:4      | You fall through a shaft for 3 floors!
   986 | D:7      | Reached skill level 2 in Invocations
   986 | D:7      | Reached XP level 6. HP: 41/47 MP: 5/13
  1091 | D:6      | Reached skill level 2 in Short Blades
  1091 | D:6      | Reached skill level 2 in Long Blades
  1091 | D:6      | Reached skill level 2 in Axes
  1091 | D:6      | Reached skill level 2 in Maces & Flails
  1091 | D:6      | Reached skill level 2 in Polearms
  1091 | D:6      | Reached skill level 2 in Staves
  1091 | D:6      | Reached skill level 2 in Slings
  1091 | D:6      | Reached skill level 2 in Bows
  1091 | D:6      | Reached skill level 2 in Crossbows
  1091 | D:6      | Reached skill level 2 in Throwing
  1091 | D:6      | Reached skill level 2 in Armour
  1091 | D:6      | Reached skill level 5 in Dodging
  1091 | D:6      | Reached skill level 2 in Stealth
  1091 | D:6      | Reached skill level 2 in Shields
  1091 | D:6      | Reached skill level 2 in Evocations
  1191 | D:6      | Found a shattered altar of Ashenzari.
  1225 | D:5      | Reached XP level 7. HP: 36/52 MP: 10/15
  1293 | D:6      | Reached skill level 7 in Unarmed Combat
  1297 | D:6      | Killed from afar by an orc priest

Vault maps used:
D:1:      dpeg_arrival_morbid_curiosity
D:2:      minmay_octomino_c4
D:3:      grunt_dithmenos_smoke_and_mirrors,
          nicolae_gozag_cash_rules_everything_around_me
D:4:      first_bread, cheibriados_altar_1
D:5:      serial_bayou_pond_e, small_statue_alley_b
D:6:      minmay_temple_entry_mist, cheibrodos_ashenzari_chains
D:7:      vehumet_altar_wand_db, gammafunk_temple_overflow_elements

Skill      XL: |  1  2  3  4  5  6  7 |
---------------+----------------------+-----
Spellcasting   | 5 |  5.5
Invocations    | 1 2 |  2.5
Short Blades   | 1 2 |  2.3
Long Blades    | 1 2 |  2.3
Axes           | 1 2 |  2.3
Maces & Flails | 1 2 |  2.3
Polearms       | 1 2 |  2.3
Staves         | 1 2 |  2.3
Slings         | 1 2 |  2.3
Bows           | 1 2 |  2.3
Crossbows      | 1 2 |  2.3
Throwing       | 1 2 |  2.3
Armour         | 1 2 |  2.3
Stealth        | 1 2 |  2.3
Shields        | 1 2 |  2.3
Evocations     | 1 2 |  2.3
Conjurations   | 1 |  1.8
Hexes          | 1 |  1.8
Charms         | 1 |  1.8
Summonings     | 1 |  1.8
Necromancy     | 1 |  1.8
Translocations | 1 |  1.8
Fire Magic     | 1 |  1.8
Ice Magic      | 1 |  1.8
Air Magic      | 1 |  1.8
Earth Magic    | 1 |  1.8
Poison Magic   | 1 |  1.8
Fighting       | 3 |  3.5
Transmutations | 4 |  4.2
Dodging        | 5 |  5.1
Unarmed Combat | 7 |  7.0

Action                   |  1- 3 |  4- 6 |  7- 9 || total
-------------------------+-------+-------+-------++-------
Melee: Unarmed           |    64 |    77 |     8 ||   149
       Headbutt          |     4 |       |       ||     4
       War axe           |       |     4 |       ||     4
 Cast: Beastly Appendage |     6 |       |       ||     6
       Sticks to Snakes  |     5 |     8 |     2 ||    15
       Spider Form       |     6 |    16 |     1 ||    23
  Use: Scroll            |       |     7 |     3 ||    10
       Potion            |       |     2 |     1 ||     3
 Stab: Sleeping          |     2 |     2 |       ||     4
  Eat: Royal jelly       |       |     2 |       ||     2
       Chunk             |       |     1 |       ||     1
Armor: Robe              |     5 |     1 |       ||     6
       Skin              |     1 |     3 |       ||     4
Dodge: Dodged            |    52 |   110 |     5 ||   167

Table legend:
 A = Spawn XP
 B = Non-spawn XP
 C = Spawn XP percentage of total XP
 D = Spawn monster count
 E = Non-spawn monster count
 F = Spawn count percentage of total count
 G = Total turns spent on level
                    A         B        C        D         E        F      G
               +---------+---------+-------+---------+---------+-------+---------
         Total |       0 |     742 |   0.0 |       0 |      73 |   0.0 |  1297
               +---------+---------+-------+---------+---------+-------+---------
           D:1 |       0 |      37 |   0.0 |       0 |      22 |   0.0 |   260
           D:2 |       0 |     102 |   0.0 |       0 |      27 |   0.0 |   396
           D:3 |       0 |       2 |   0.0 |       0 |       1 |   0.0 |    98
           D:4 |       0 |     166 |   0.0 |       0 |       2 |   0.0 |   162
           D:5 |       0 |     112 |   0.0 |       0 |       3 |   0.0 |    82
           D:6 |       0 |     239 |   0.0 |       0 |      15 |   0.0 |   168
           D:7 |       0 |      84 |   0.0 |       0 |       3 |   0.0 |   131
               +---------+---------+-------+---------+---------+-------+---------

Table legend:
 A = Turns spent in this place as a percentage of turns spent in the entire game.
 B = Non-inter-level travel turns spent in this place as a percentage of non-inter-level travel turns spent in the entire game.
 C = Inter-level travel turns spent in this place as a percentage of turns spent in this place.
 D = Turns resting spent in this place as a percentage of non-inter-level travel turns spent in this place.
 E = Turns spent auto-exploring this place as a percentage of non-inter-level travel turns spent in this place.
 F = Non-inter-level travel turns spent in this place divided by the number of levels of this place that you've seen.
                   A       B       C       D       E      F
               +-------+-------+-------+-------+-------+----------------------
         Total | 100.0 | 100.0 |   0.0 |   0.0 |   0.0 | 185.3
       Dungeon | 100.0 | 100.0 |   0.0 |   0.0 |   0.0 | 185.3
               +-------+-------+-------+-------+-------+----------------------

Table legend:
 A = Kills in this place as a percentage of kills in entire the game.
 B = Kills by you in this place as a percentage of kills by you in the entire game.
 C = Kills by friends in this place as a percentage of kills by friends in the entire game.
 D = Other kills in this place as a percentage of other kills in the entire game.
 E = Experience gained in this place as a percentage of experience gained in the entire game.
 F = Experience gained in this place divided by the number of levels of this place that you have seen.
                   A       B       C       D       E      F
               +-------+-------+-------+-------+-------+----------------------
         Total | 100.0 | 100.0 | 100.0 |   N/A | 100.0 | 106.0
       Dungeon | 100.0 | 100.0 | 100.0 |   N/A | 100.0 | 106.0
               +-------+-------+-------+-------+-------+----------------------

Vault maps used:
D:1:      dpeg_arrival_morbid_curiosity
D:2:      minmay_octomino_c4
D:3:      grunt_dithmenos_smoke_and_mirrors,
          nicolae_gozag_cash_rules_everything_around_me
D:4:      first_bread, cheibriados_altar_1
D:5:      serial_bayou_pond_e, small_statue_alley_b
D:6:      minmay_temple_entry_mist, cheibrodos_ashenzari_chains
D:7:      vehumet_altar_wand_db, gammafunk_temple_overflow_elements
